 Dungeon Crawl Stone Soup version 0.30-a0-587-gfd7c166f36 (webtiles) character file.

Game seed: 17965232216431442573

219 Decipherer the Cudgeller (level 5, 0/47 HPs)
             Began as a Minotaur Berserker on Jan 4, 2023.
             Was a Believer of Trog.
             Slain by an orc wizard
             ... wielding a +0 dagger
              (5 damage)
             ... on level 3 of the Dungeon.
             The game lasted 00:02:22 (2084 turns).

Decipherer the Cudgeller (Minotaur Berserker)       Turns: 2084, Time: 00:02:23

Health: 0/47       AC:  6    Str: 24    XL:     5   Next: 64%
Magic:  4/4        EV: 10    Int:  4    God:    Trog [**....]
Gold:   105        SH:  0    Dex:  9    Spells: 4/4 levels left

rFire   . . .      SeeInvis +    a - +0 mace
rCold   . . .      Faith    .    g - orb {mayhem}
rNeg    . . .      Spirit   .    w - +0 scale mail
rPois   .          Reflect  .    (helmet restricted)
rElec   .          Harm     .    n - scarf {shadows}
rCorr   .          Rampage  .    (no gloves)
Will    .....                    (no boots) Stlth
                                 (no amulet)
HPRegen 0.27/turn                c - ring of see invisible
MPRegen 0.09/turn                (no ring)

@: on berserk cooldown, slowed, very slow
A: horns 2, retaliatory headbutt
a: Renounce Religion, Berserk, Trog's Hand


You were on level 3 of the Dungeon.
You worshipped Trog.
Trog was pleased with you.
You visited 1 branch of the dungeon, and saw 3 of its levels.

You collected 105 gold pieces.

Inventory:

Hand Weapons
 a - a +0 mace (weapon)
 s - the +11 quarterstaff "Tormentor" {speed, Str+8 Dex-2}
   (You found it on level 2 of the Dungeon)

   Attacks with this weapon are significantly faster.
   Str:       It affects your strength (+8).
   Dex:       It affects your dexterity (-2).
Armour
 g - an orb of mayhem (worn)
 n - a scarf of shadows (worn)
 r - a +0 ring mail
 w - a +0 scale mail (worn)
Jewellery
 b - a ring of ice
 c - a ring of see invisible (left hand)
 v - a ring of protection from cold
Wands
 t - a wand of flame (9)
Scrolls
 d - a scroll of brand weapon {unknown}
 e - a scroll of teleportation {unknown}
 f - a scroll of enchant armour {unknown}
 k - 2 scrolls of silence {unknown}
 l - 2 scrolls of identify {unknown}
Potions
 h - a potion of magic {unknown}
 i - 2 potions of curing {unknown}
 j - a potion of mutation {unknown}
 m - a potion of invisibility {unknown}
 o - a potion of flight {unknown}
 p - a potion of ambrosia {unknown}
 q - a potion of lignification {unknown}
 u - a potion of cancellation {unknown}
 x - a potion of might {unknown}


   Skills:
 + Level 4.5 Fighting
 + Level 6.2 Maces & Flails
 + Level 3.0 Armour
 + Level 3.2 Dodging
 + Level 0.8 Stealth


You had 4 spell levels left.
You didn't know any spells.
Your spell library contained the following spells:

 Spells                   Type           Power      Damage    Failure   Level
 Summon Guardian Golem    Hex/Summ       0%         N/A       99%         3
 Orb of Destruction       Conj           0%         9d5       100%        7
 Spellforged Servitor     Conj/Summ      0%         N/A       100%        7


Dungeon Overview and Level Annotations

Branches:
Dungeon (3/15)

Altars:
Qazlal
The Shining One

Shops:
D:2 (


Innate Abilities, Weirdness & Mutations

You have a pair of horns on your head.
You reflexively headbutt those who attack you in melee.


Message History

You are no longer berserk.
You are exhausted.
You feel yourself slow down.
Things that are here:
a +0 spear; a gnoll corpse An orc comes into view.
It is wielding a +0 club.
The orc shouts!
An orc wizard comes into view. It is wielding a +0 dagger.
The orc splashes around in the water.
You sock the orc!
You kill the orc!
Trog accepts your kill.
The orc wizard flies into a frenzy!
You hear a splash. x2; The orc wizard shouts!
The orc wizard hits the orc with a +0 dagger.
The orc hits you but does no damage. The orc wizard barely misses you.
The orc hits you with a +0 club.
The orc wizard hits you but does no damage.
Things that are here:
a +0 whip; a wand of roots (9); an orc corpse The orc wizard hits you with a +0 dagger.
* * * LOW HITPOINT WARNING * * *
The orc wizard hits you with a +0 dagger.
* * * LOW HITPOINT WARNING * * *
The orc barely misses you.
The orc wizard hits the orc with a +0 dagger.
The orc dies!
Trog accepts your kill.
The orc wizard hits you with a +0 dagger.
* * * LOW HITPOINT WARNING * * *
Your unstable footing causes you to fumble your attack.
The orc wizard hits you with a +0 dagger.
* * * LOW HITPOINT WARNING * * *
The orc wizard hits you with a +0 dagger.
* * * LOW HITPOINT WARNING * * *
Your unstable footing causes you to fumble your attack.
The orc wizard hits you but does no damage.
The orc wizard closely misses you.
The orc wizard hits you with a +0 dagger.
You die...

################
####.~...[..~~#...
####~..~.~.....~..(###
#≈≈≈≈≈~~~.~≈~~.~~≈≈≈≈##
#≈≈≈@)~)~)~~~≈~≈≈≈≈≈#
##..o)~.~).......##
#..#~.~~....~.~~##
#.###$.~~~.~...## # #.
#####.####.# # # #.#
#.# # #.####.######
.............
..####.######


You could see a neutral orc wizard (fast, strong, insane).

Vanquished Creatures
  2 orc priests (D:3)
  An iguana (D:3)
  2 gnolls (D:3)
  3 adders
  3 worms
  2 dart slugs (D:1)
  6 orcs (D:3)
  5 endoplasms
  A giant cockroach (D:2)
  5 goblins
  4 hobgoblins
  A quokka (D:3)
  5 ball pythons
  6 bats
  5 frilled lizards
  5 kobolds
  7 rats
63 creatures vanquished.

Vanquished Creatures (collateral kills)
  A gnoll (D:3)
  3 orcs (D:3)
4 creatures vanquished.

Grand Total: 67 creatures vanquished

Notes
Turn   | Place    | Note
-------+----------+-------------------------------------------
     0 | D:1      | Decipherer the Minotaur Berserker began the quest for the
                  | Orb.
     0 | D:1      | Reached XP level 1. HP: 19/19 MP: 0/0
   107 | D:1      | Reached skill level 4 in Maces & Flails
   109 | D:1      | Reached XP level 2. HP: 25/27 MP: 1/1
   499 | D:1      | You fall into a shaft and drop 1 floor!
   747 | D:2      | Reached XP level 3. HP: 30/33 MP: 2/2
   861 | D:2      | Found a stormy altar of Qazlal.
  1077 | D:2      | Reached ** piety under Trog
  1259 | D:2      | Found Funoogou's Antique Weapon Boutique.
  1307 | D:2      | Identified the +11 quarterstaff "Tormentor" {speed, Str+8
                  | Dex-2}
  1543 | D:3      | Reached skill level 5 in Maces & Flails
  1543 | D:3      | Reached XP level 4. HP: 32/40 MP: 3/3
  1679 | D:3      | Reached XP level 5. HP: 15/46 MP: 4/4
  1680 | D:3      | Found a glowing golden altar of the Shining One.
  1947 | D:3      | Reached skill level 6 in Maces & Flails
  2084 | D:3      | Slain by an orc wizard

Illustrated notes

Levels and vault maps discovered:
D:1:      wander_arrival_chamber, layout_rooms, st_stairs_10
D:2:      layout_loops_ring, serial_shops, nicolae_shop_behind_doors,
          basic_altar
D:3:      layout_loops_ring, general_overflow_altar, serial_rivers,
          chequers_serial_rivers_small_3, chequers_serial_rivers_micro_e,
          chequers_serial_rivers_micro_e, chequers_serial_rivers_room_a

Skill      XL: |  1  2  3  4  5 |
---------------+----------------+-----
Maces & Flails | 4 5 6 |  6.2
Fighting       | 4 |  4.5
Dodging        | 3 |  3.2
Armour         | 3 |  3.0
Stealth        | |  0.8

Action                   |  1- 3 |  4- 6 || total
-------------------------+-------+-------++-------
Melee: Mace              |    81 |    50 ||   131
       Headbutt          |    11 |    10 ||    21
Invok: Berserk           |     1 |     1 ||     2
 Stab: Sleeping          |     1 |       ||     1
Armor: Animal skin       |    15 |       ||    15
       Ring mail         |     4 |    12 ||    16
       Scale mail        |       |     6 ||     6
Dodge: Dodged            |    62 |    37 ||    99

Table legend: (Time is in decaauts)
 A = Elapsed time spent in this place.
 B = Non-inter-level travel time spent in this place.
 C = Inter-level travel time spent in this place.
 D = Time resting spent in this place.
 E = Time spent auto-exploring this place.
 F = Levels seen in this place.
 G = Mean time per level.
                   A        B        C        D        E       F      G
               +--------+--------+--------+--------+--------+-----+--------+
         Total |   2121 |   2081 |     40 |      0 |   1598 |   3 |  707.0 |
       Dungeon |   2121 |   2081 |     40 |      0 |   1598 |   3 |  707.0 |
               +--------+--------+--------+--------+--------+-----+--------+

Top non-repeatable levels by time:
     D:2: 834 daAuts
     D:1: 705 daAuts
     D:3: 581 daAuts
